[Event "15th Tashkent Open Agzamov 2022"]
[Site "Tashkent"]
[Date "2022.05.10"]
[Round "9.7"]
[White "Nigmatov, Ortik"]
[Black "Muradli, Mahammad"]
[Result "1-0"]
[ECO "B66"]
[WhiteElo "2463"]
[BlackElo "2539"]
[Annotator "TA"]
[PlyCount "133"]
[EventDate "2022.05.05"]
[EventType "swiss"]
[EventCountry "UZB"]
[SourceTitle "playchess.com"]
[Source "ChessBase"]
[SourceQuality "1"]
[TimeControl "5400+30"]

1. e4 c5 2. Nf3 d6 3. d4 cxd4 4. Nxd4 Nf6 5. Nc3 Nc6 6. Bg5 e6 7. Qd2 a6 8. O-O-O Bd7 9. Nxc6 Bxc6 10. f3 h6 11. Bf4 d5 12. Qe1 Bb4 13. a3 {[%emt 0:00:07] B66: Sicilian: Richter-Rauzer: 7...a6 8 0-0-0 h6.} Bxc3 14. Qxc3 O-O 15. g4 {[%emt 0:00:06] [#] White has an edge.} Nd7 $146 ({Predecessor:} 15... Re8 16. Rg1 Rc8 17. g5 Ba4 18. Qd4 Bxc2 19. gxf6 Bxd1+ 20. Kxd1 e5 21. Rxg7+ Kh8 22. Bxe5 dxe4 23. Ke2 Rxe5 24. Qxe5 Qd3+ 25. Kf2 Qxf3+ {½-½ (25) Lea,P (2182)-Johansen,O (2276) ICCF email 2011}) 16. Bd6 Re8 17. Bd3 Rc8 (17... dxe4 {is interesting.} 18. Bxe4 Bxe4 19. fxe4 Rc8) 18. Qd2 Nb6 19. Bb4 Qf6 20. e5 Qh4 (20... Qxf3 $2 21. Rdf1 Qxg4 22. Qf2 $18) (20... Qxe5 $5 21. f4 Qf6 $11) 21. Qe2 d4 (21... Bb5 $5) 22. Be1 {[%emt 0:02:14] A strong pair of Bishops.} (22. Kb1 $5 ) 22... Qh3 23. Bg3 Red8 (23... h5 $11) 24. Rhg1 h5 25. Qf2 $1 $36 {[%emt 0:06:44][%mdl 2048] Keeping Black busy.} hxg4 (25... Bb5 $142) 26. Bh4 $1 $16 Qxf3 {[%emt 0:01:29] [#]} (26... gxf3 $2 27. Rg3 $1 Qxh4 28. Rxg7+ $3 Kxg7 29. Qxh4 $18) 27. Qd2 Be4 28. Rg3 Qf5 29. Bxd8 Bxd3 30. Rxd3 ({Resist} 30. Qxd3 Rxd8 31. Qe2 g6 $16) 30... Rxd8 31. Rxd4 Rxd4 32. Qxd4 {[%emt 0:00:08][%mdl 4096] Endgame KQR-KQN} Nd5 33. Rg1 g6 34. Rxg4 Qf1+ 35. Kd2 Qh3 {[%emt 0:00:32] [#]} 36. c4 $1 Ne7 37. Rh4 Qg2+ 38. Kc1 Kg7 39. Qd2 {[%emt 0:01:10] Qh6+ would kill now.} Qf1+ 40. Kc2 {[%emt 0:00:06] Threatening mate with Qh6+.} Nf5 {[%emt 0:00:22] Against Qh6+} 41. Rf4 Qg1 42. Kb3 Qc5 43. Re4 Qc6 44. Qd3 b5 $2 (44... a5 45. Re2 Qb6+ 46. Ka2 Nd4) 45. cxb5 $18 axb5 46. Ka2 Ne7 47. Rb4 Qg2 48. h3 Nd5 49. Rxb5 Qh2 50. Qd4 Qxh3 51. a4 g5 52. Rb3 Qf1 53. Rg3 Kh6 54. Qg4 Qc1 55. Qe4 Kg7 56. Rg2 {[%emt 0:00:24] White is clearly winning.} Kf8 57. Qd4 Ke7 58. Rh2 {[%emt 0:00:28] Qa7+ is the strong threat.} Kf8 59. Rf2 {[%emt 0:00:38] Black must now prevent Rg2.} Kg7 60. Rg2 {[%emt 0:01:35] aiming for Rg1.} Kf8 61. Rg3 Ke7 62. a5 Qc6 63. Qa7+ Kf8 64. Qb8+ Ke7 65. Rg4 Qc2 66. Qb3 Qc5 67. Qa3 {[%emt 0:00:08] Weighted Error Value: White=0.14 (very precise) /Black=0.35} 1-0

[Event "15th Tashkent Open Agzamov 2022"]
[Site "Tashkent"]
[Date "2022.05.10"]
[Round "9.8"]
[White "Aditya Mittal"]
[Black "Urazayev, Arystanbek"]
[Result "1/2-1/2"]
[ECO "E73"]
[WhiteElo "2490"]
[BlackElo "2445"]
[Annotator "TA"]
[PlyCount "72"]
[EventDate "2022.05.05"]
[EventType "swiss"]
[EventCountry "UZB"]
[SourceTitle "playchess.com"]
[Source "ChessBase"]
[SourceQuality "1"]
[TimeControl "5400+30"]

1. d4 Nf6 2. c4 g6 3. Nc3 Bg7 4. e4 d6 5. Be2 O-O 6. Be3 Nc6 7. d5 Ne5 {[%emt 0:00:05] E73: King's Indian: Averbakh Variation without 6...c5.} 8. h3 e6 9. Nf3 Nxf3+ {[%emt 0:00:10] The position is equal.} 10. Bxf3 a5 {[%emt 0:00:12] [#]} 11. Qd2 $146 ({Predecessor:} 11. O-O Nd7 12. Rc1 e5 13. Be2 Nc5 14. a3 f5 15. exf5 gxf5 16. f4 exf4 17. Bxf4 {½-½ (47) Nesterov,A (2522)-Saric,I (2687) Terme Catez 2022}) 11... exd5 12. exd5 Nd7 13. O-O Nc5 14. Rfe1 Bf5 15. g4 Bd7 16. Bg5 Bf6 17. Bf4 Re8 18. Kg2 Rxe1 19. Rxe1 Qf8 20. Nb5 Bxb5 21. cxb5 b6 22. a3 a4 23. Bd1 Qd8 24. g5 Bg7 25. Bg4 {[%emt 0:00:56] Against Qd7} Qf8 26. Qe2 {[%emt 0:02:06] Inhibits Re8.} Be5 27. Be3 Qg7 28. Rb1 Kf8 (28... f5 $17 29. gxf6 Qxf6) 29. Bxc5 (29. Re1 $11) 29... bxc5 ({Black should try} 29... dxc5 $17 30. Re1 Bd6) 30. b3 (30. Bd7 $11) 30... Bf4 (30... f5 $17 31. gxf6 Qxf6) 31. bxa4 (31. Bd7 $11) 31... Qd4 32. Rd1 ({Better is} 32. Bd7) 32... Qxa4 $17 33. Bd7 {[%emt 0:00:11] [#]} Be5 $1 ({Stronger than} 33... Bxg5 34. Bc6 Qxa3 35. Rd3 $15) 34. Qf3 Qxa3 35. Rd3 $2 (35. Re1 $17) 35... Qc1 $19 {[%emt 0:00:19] Hoping for ...Ra1.} 36. Qe3 Qxe3 {[%emt 0:08:52] Weighted Error Value: White=0.29 (precise) /Black=0.14 (very precise)} (36... Qc2 $142 37. Rd2 Qc4) 1/2-1/2

[Event "15th Tashkent Open Agzamov 2022"]
[Site "Tashkent"]
[Date "2022.05.10"]
[Round "9.9"]
[White "Bernadskiy, Vitaliy"]
[Black "Omonova, Umida"]
[Result "0-1"]
[ECO "A41"]
[WhiteElo "2636"]
[BlackElo "2111"]
[Annotator "TA"]
[PlyCount "134"]
[EventDate "2022.05.05"]
[EventType "swiss"]
[EventCountry "UZB"]
[SourceTitle "playchess.com"]
[Source "ChessBase"]
[SourceQuality "1"]
[TimeControl "5400+30"]

1. c4 e5 2. g3 d6 3. Bg2 g6 4. d4 Bg7 5. dxe5 Bxe5 6. Nf3 {[%emt 0:00:28] A41: 1 d4 d6: Tartakower System and Modern Defence.} Bg7 7. Nc3 Ne7 {[%emt 0:00:17] [#]} 8. Bf4 $146 {[%emt 0:02:41] White is slightly better.} ({Predecessor:} 8. O-O Nbc6 9. Bf4 O-O 10. Qd2 Be6 11. Nd5 Ne5 12. Nxe5 dxe5 13. Bh6 Bxh6 14. Qxh6 Bxd5 15. cxd5 {0-1 (64) Narzikulova,G (1837)-Khegay,Y (1798) Tashkent 2020}) 8... Nbc6 9. Qd2 Be6 10. Nd5 h6 {[%emt 0:01:17] Prevents Bg5.} 11. Nxe7 Qxe7 12. Rc1 Rd8 13. h4 d5 14. c5 h5 15. b4 {[%emt 0:03:22][%cal Bb2b4,Bb4b5,Bb5c6][%mdl 32] Threatens to win with b5.} Bg4 16. O-O O-O 17. b5 Ne5 18. Qa5 $36 {[%emt 0:05:50][%mdl 2048] White fights for an advantage.} Ra8 (18... c6 $14) 19. Bg5 $1 $16 Qd7 (19... Qe6 $16) 20. Nxe5 $18 Bxe5 21. c6 $1 bxc6 22. bxc6 Qd6 23. Qxd5 (23. Rc5 $18 {has better winning chances.} f6 24. Rxd5 (24. Bxd5+ Kg7 $16)) 23... Rfe8 24. Qxd6 Bxd6 25. e4 Rab8 26. Rc2 Be5 27. f3 Be6 28. Kh2 f6 29. Be3 a5 30. f4 Bd6 31. Bd4 Kf7 32. Bf3 f5 33. e5 Be7 34. Rff2 (34. Ba7 $14 Rb4 35. Rff2) 34... Red8 $11 35. Bc3 Rb5 36. Rcd2 Rc5 37. Rxd8 Bxd8 38. Be1 a4 {[%emt 0:02:03] aiming for ...Rc1.} 39. Kg2 {[%emt 0:06:45] [#]} (39. Bb4 $11 Rc4 40. Ba5) 39... Be7 ({Better is} 39... Rc1 $1 $17 40. Bb4 Ra1) 40. Bb4 Rb5 41. Bc3 a3 {[%emt 0:02:14] ...Bb4 is the strong threat.} 42. Bd4 $2 (42. Rd2 $11 {and White is okay.}) 42... Rb4 $2 (42... Bc5 $19 43. Bxc5 Rxc5) 43. Bc3 Rb5 44. Rd2 Rc5 45. Bb4 Rb5 46. Bc3 Rc5 47. Bd4 (47. Bb4 $11 Rc1 48. Bxe7 Kxe7 49. Kh3) 47... Rc1 $19 48. Kh3 Bb4 49. Rf2 Bc4 50. Bg2 $2 (50. Rh2) 50... Ke6 51. Bf3 Be1 52. Rh2 Bf1+ 53. Bg2 Bd3 (53... Be2 $142 54. Rh1 Bd2) 54. Rh1 $2 {[%emt 0:01:00] [#]} (54. Bf3 Bf1+ 55. Bg2) 54... Bd2 $1 55. Rh2 Rc2 56. Bf3 Bf1+ 57. Bg2 Bc4 58. Bc5 Rxa2 59. Bf3 Bc1 60. Rh1 {[%emt 0:00:32] Against Bf1+} Rc2 {[%emt 0:00:07] Hoping for ...a2.} 61. Bd1 a2 62. Bd4 Rb2 63. Bb3 Bxb3 {[%emt 0:01:33] Black mates.} 64. Rxc1 Rb1 65. Rc5 Bd5 66. Rc2 a1=Q 67. Bxa1 Rxa1 {[%emt 0:21:15] Never resign too early!  Weighted Error Value: White=0.61/Black=0.20 (precise)} 0-1

[Event "15th Tashkent Open Agzamov 2022"]
[Site "Tashkent"]
[Date "2022.05.10"]
[Round "9.10"]
[White "Madaminov, Mukhiddin"]
[Black "Van Foreest, Lucas"]
[Result "1/2-1/2"]
[ECO "D37"]
[WhiteElo "2308"]
[BlackElo "2572"]
[Annotator "TA"]
[PlyCount "40"]
[EventDate "2022.05.05"]
[EventType "swiss"]
[EventCountry "UZB"]
[SourceTitle "playchess.com"]
[Source "ChessBase"]
[SourceQuality "1"]
[TimeControl "5400+30"]

1. d4 d5 2. c4 e6 3. Nc3 a6 4. cxd5 exd5 5. Nf3 Nf6 6. Bg5 {[%emt 0:00:50] D37: Queen's Gambit Declined: 5 Bf4.} Be6 7. e3 Nbd7 8. Bd3 {[%emt 0:00:48] White has an edge.} c6 9. O-O h6 10. Bh4 g5 11. Bg3 Nh5 $1 12. Be5 Nhf6 13. Bg3 (13. Qb3 $5 ) 13... Nh5 $1 14. Be5 Rg8 15. Bh7 $36 {[%emt 0:08:46][%mdl 2048] White is more active.} g4 $1 16. Bxg8 {[%emt 1:12:03] [#] Strongly threatening Nd2.} gxf3 17. Qxf3 Nhf6 {[%emt 0:00:12] [#] The position is equal.} 18. Qg3 $146 ({Predecessor:} 18. Bxf7+ Bxf7 19. e4 Nxe5 20. dxe5 Nxe4 21. Nxe4 dxe4 22. Qxe4 Qd5 23. Qf4 O-O-O 24. Rfe1 Be6 25. h3 Bc5 26. Rac1 Rg8 27. g4 {0-1 (33) Mohammad,N (2445)-Jacobson,A (2262) Chess.com INT 2020}) 18... Nh5 $1 19. Qf3 Nhf6 20. Qg3 Nh5 $1 {[%emt 0:00:04] An interesting draw.  Weighted Error Value: White=0.10 (very precise) /Black=0.02 (flawless)} 1/2-1/2

[Event "15th Tashkent Open Agzamov 2022"]
[Site "Tashkent"]
[Date "2022.05.11"]
[Round "10.1"]
[White "Mchedlishvili, Mikheil"]
[Black "Sindarov, Javokhir"]
[Result "1/2-1/2"]
[ECO "D71"]
[WhiteElo "2595"]
[BlackElo "2609"]
[Annotator "TA"]
[PlyCount "31"]
[EventDate "2022.05.05"]
[EventType "swiss"]
[EventCountry "UZB"]
[SourceTitle "playchess.com"]
[Source "ChessBase"]
[SourceQuality "1"]
[TimeControl "5400+30"]

1. d4 Nf6 2. c4 g6 3. g3 c6 4. Bg2 d5 5. Qa4 Nfd7 6. cxd5 {[%emt 0:00:55] D71: Fianchetto Grünfeld: 3 g3 d5 sidelines and 5 cxd5 (without Nf3).} Nb6 7. Qd1 cxd5 8. Nc3 Bg7 9. e3 Nc6 10. Nge2 Bg4 11. O-O O-O {[%emt 0:00:32] The position is equal.} 12. a4 Bxe2 13. Qxe2 e6 14. b3 {[%emt 0:06:09] [#]} Nc8 $146 ({Predecessor:} 14... Rc8 15. Bd2 a6 16. Rfb1 Qe7 17. a5 Nd7 18. Rc1 Rc7 19. Na4 Rfc8 20. Nb6 Nxb6 21. axb6 {½-½ (40) Andersen,M (2601)-Pultinevicius,P (2503) Batumi 2019}) 15. Bd2 Re8 16. Rfc1 {[%emt 0:06:39] An uneventful encounter.  Weighted Error Value: White=0.02 (flawless) /Black=0.03 (flawless)} 1/2-1/2

[Event "15th Tashkent Open Agzamov 2022"]
[Site "Tashkent"]
[Date "2022.05.11"]
[Round "10.2"]
[White "Sanal, Vahap"]
[Black "Vakhidov, Jakhongir"]
[Result "1/2-1/2"]
[ECO "B23"]
[WhiteElo "2575"]
[BlackElo "2552"]
[Annotator "TA"]
[PlyCount "48"]
[EventDate "2022.05.05"]
[EventType "swiss"]
[EventCountry "UZB"]
[SourceTitle "playchess.com"]
[Source "ChessBase"]
[SourceQuality "1"]
[TimeControl "5400+30"]

1. e4 c5 2. Nc3 Nc6 3. Bb5 Nd4 4. a4 a6 5. Bc4 e6 6. d3 {[%emt 0:00:00] B23: Closed Sicilian: Lines without g3.} Nf6 7. Ba2 Ng8 (7... Nc6 $11) 8. Bc4 {[%emt 0:00:54] White is slightly better.} Nf6 9. Ba2 d5 10. Nge2 Be7 11. O-O O-O 12. exd5 $1 exd5 13. Nxd4 cxd4 14. Ne2 Qb6 15. Bb3 {[%emt 0:00:00] [#]} a5 $146 ({Predecessor:} 15... Bd6 16. a5 Qc5 17. h3 Be6 18. Ra4 Bd7 19. Rxd4 Qxa5 20. Bg5 Be5 21. Bxf6 Bxf6 22. Rxd5 Qc7 23. Qd2 Be6 {0-1 (96) Bodnaruk,A (2411)-Kovalevskaya,E (2384) Moscow 2020}) 16. Bd2 Bd7 17. Nf4 Bc6 18. Qf3 Bb4 19. Bxb4 Qxb4 20. g4 ({Wrong is} 20. Bxd5 $2 Nxd5 21. Nxd5 Qd6 22. Nf6+ (22. c4 $2 dxc3 23. bxc3 Bxd5 $19) 22... Qxf6 $19) 20... Rae8 21. Qg3 Re5 22. Ng2 Rfe8 23. f4 Re2 24. f5 (24. g5 $5 Nd7 25. f5 $11) 24... h6 {[%emt 0:00:00] Weighted Error Value: White=0.09 (flawless) /Black=0.10 (very precise)} 1/2-1/2

[Event "15th Tashkent Open Agzamov 2022"]
[Site "Tashkent"]
[Date "2022.05.11"]
[Round "10.3"]
[White "Suleymenov, Alisher"]
[Black "Romanov, Evgeny"]
[Result "1/2-1/2"]
[ECO "E52"]
[WhiteElo "2445"]
[BlackElo "2573"]
[Annotator "TA"]
[PlyCount "36"]
[EventDate "2022.05.05"]
[EventType "swiss"]
[EventCountry "UZB"]
[SourceTitle "playchess.com"]
[Source "ChessBase"]
[SourceQuality "1"]
[TimeControl "5400+30"]

1. d4 Nf6 2. c4 e6 3. Nc3 Bb4 4. e3 O-O 5. Bd2 b6 6. Nf3 Bb7 7. Bd3 d5 8. cxd5 exd5 9. Rc1 a6 10. O-O Bd6 11. Ne5 {[%emt 0:01:17] E52: Nimzo-Indian: Rubinstein: 4...0-0 5 Nf3 d5 6 Bd3 b6.} c5 12. f4 {[%emt 0:02:57] [#] A rather calm draw.} {Predecessor:} Nc6 $146 13. Ne2 Rc8 14. Bc3 c4 15. Bb1 Ne7 16. Ng3 Ne4 17. Qg4 f5 18. Qh3 b5 {1-0 (50) Kovalenko,I (2647)-Brkic,A (2621) Zagreb 2021} 1/2-1/2

[Event "15th Tashkent Open Agzamov 2022"]
[Site "Tashkent"]
[Date "2022.05.11"]
[Round "10.4"]
[White "Iskandarov, Misratdin"]
[Black "Indjic, Aleksandar"]
[Result "0-1"]
[ECO "B51"]
[WhiteElo "2601"]
[BlackElo "2621"]
[Annotator "TA"]
[PlyCount "86"]
[EventDate "2022.05.05"]
[EventType "swiss"]
[EventCountry "UZB"]
[SourceTitle "playchess.com"]
[Source "ChessBase"]
[SourceQuality "1"]
[TimeControl "5400+30"]

1. e4 c5 2. Nf3 d6 3. Bb5+ Nd7 4. Ba4 Ngf6 5. O-O e6 6. Re1 {[%emt 0:09:42] B51: Sicilian: Moscow Variation (3 Bb5+) without 3...Bd7.} a6 {[%emt 0:00:45] aiming for ...b5.} 7. c4 {[%emt 0:00:28] Inhibits b5.} Be7 8. Nc3 {[%emt 0:00:11] The position is equal.} O-O 9. d4 cxd4 10. Nxd4 Qc7 11. Bb3 Ne5 12. Qe2 Bd7 13. Bf4 {[%emt 0:11:21] [#]} (13. f4 $5 Nc6 14. Be3 $11) 13... Rac8 $146 (13... Rfc8 $5 ) ({Predecessor:} 13... Nc6 14. Nf3 e5 15. Bg5 Bg4 16. Bxf6 Bxf6 17. Nd5 Qd8 18. Qe3 Bxf3 19. Qxf3 Nd4 {1-0 (28) Vinter Schou,U (2349)-Castillo Pena,P (1770) Chess.com INT 2020}) 14. Rac1 Kh8 ({Don't play} 14... Nxc4 15. Bxc4 Qxc4 16. Nd5 $1 exd5 17. Rxc4 Rxc4 18. Nf5 $14) 15. Nf3 Nxc4 16. Nb1 b5 17. Nbd2 Nh5 18. Be3 d5 19. e5 {[%emt 0:03:38] Prevents Bf6.} f5 20. h3 Qb7 {[%emt 0:08:55] Black is more active.} 21. Bxc4 dxc4 22. Nd4 {[%emt 0:00:35] [#]} f4 $1 $36 {[%emt 0:00:51][%mdl 2048] Black has the initiative.} 23. Qxh5 fxe3 24. fxe3 Qd5 25. N2f3 b4 26. Rcd1 c3 27. bxc3 ({Avoid the trap} 27. Nf5 $2 {[#]} Rxf5 $1 28. Rxd5 exd5 $19) 27... bxc3 28. Nf5 $2 {[%emt 0:05:28][%mdl 8192] [#] Now White is beyond hope.} Rxf5 $1 29. Rxd5 exd5 ({Not} 29... Rxh5 30. Rxd7 Bb4 31. Rc1 $11) 30. Qg4 c2 31. Kh2 c1=Q 32. Rxc1 Rxc1 33. Qd4 {[%emt 0:01:09] Qa7 is the strong threat.} Be6 34. Qb6 $2 (34. Qb2 Rc8 35. Qb7) 34... Bg8 $19 {[%emt 0:00:14] Black is clearly winning.} 35. Qxa6 Bc5 36. Qd3 Rf8 37. a4 Rc4 38. a5 Ra8 39. Nd2 Ra4 40. Qc2 R8xa5 41. Nb3 {[%emt 0:00:06] [#]} Rc4 $1 42. Qf5 (42. Qf2 Raa4) 42... Ra8 43. Nd2 Rc3 {[%emt 0:01:16] Weighted Error Value: White=0.38/Black=0.04 (flawless)} 0-1

[Event "15th Tashkent Open Agzamov 2022"]
[Site "Tashkent"]
[Date "2022.05.11"]
[Round "10.5"]
[White "Asadli, Vugar"]
[Black "Abdurakhmonov, Mukhammadali"]
[Result "1-0"]
[ECO "B23"]
[WhiteElo "2578"]
[BlackElo "2308"]
[Annotator "TA"]
[PlyCount "59"]
[EventDate "2022.05.05"]
[EventType "swiss"]
[EventCountry "UZB"]
[SourceTitle "playchess.com"]
[Source "ChessBase"]
[SourceQuality "1"]
[TimeControl "5400+30"]

1. e4 c5 2. Nc3 a6 3. g3 b5 4. Bg2 Bb7 5. d3 e6 6. f4 d6 {[%emt 0:00:55] B23: Closed Sicilian: Lines without g3.} 7. Nh3 Nf6 8. O-O b4 {[%emt 0:03:14] The position is equal.} 9. Ne2 Be7 {[%emt 0:01:18] [#]} 10. c4 $146 ({Predecessor:} 10. Nf2 Nc6 11. c3 bxc3 12. bxc3 O-O 13. Rb1 Qc7 14. g4 Nd7 15. g5 Nd8 16. Ng3 {½-½ (44) Li,R (2583)-Kovalyov,A (2658) Philadelphia 2018}) 10... bxc3 (10... Nc6 $142) 11. bxc3 $11 O-O 12. Rb1 Bc6 13. Nf2 d5 14. Qc2 Qc7 15. c4 dxe4 16. dxe4 Rd8 17. Be3 Nbd7 18. e5 Ne8 {[%emt 0:00:54] [#]} 19. Bxc6 $1 Qxc6 20. Qe4 Qxe4 21. Nxe4 f6 22. Rb7 $36 {[%emt 0:05:37][%mdl 2048] White is on the roll.} Rab8 23. Rfb1 {[%emt 0:03:37] White is much more active.} Rxb7 ({Black should play} 23... fxe5 24. fxe5 Rdc8) 24. Rxb7 $16 {[%emt 0:00:29] [#] Threatens to win with Bd2.} Bf8 (24... Kf8 $16 25. exf6 gxf6) 25. Bd2 $18 {[%emt 0:03:06] Strongly threatening Ba5.} Nb8 26. Bc3 fxe5 27. fxe5 ({Less strong is} 27. Bxe5 Nc6 $16) 27... Nc6 28. Nf4 Rd1+ (28... Rb8 $142) 29. Kg2 Nd8 30. Ra7 {[%emt 0:00:37] Weighted Error Value: White=0.10 (very precise) /Black=0.23 (precise)} 1-0

[Event "15th Tashkent Open Agzamov 2022"]
[Site "Tashkent"]
[Date "2022.05.11"]
[Round "10.6"]
[White "Vokhidov, Shamsiddin"]
[Black "Nigmatov, Ortik"]
[Result "1-0"]
[ECO "C78"]
[WhiteElo "2536"]
[BlackElo "2463"]
[Annotator "TA"]
[PlyCount "59"]
[EventDate "2022.05.05"]
[EventType "swiss"]
[EventCountry "UZB"]
[SourceTitle "playchess.com"]
[Source "ChessBase"]
[SourceQuality "1"]
[TimeControl "5400+30"]

1. e4 e5 2. Nf3 Nc6 3. Bb5 a6 4. Ba4 Nf6 5. O-O Bc5 6. c3 b5 7. Bb3 d6 8. a4 Bb7 9. d4 Bb6 10. Re1 O-O {[%emt 0:00:08] 10...0-0 is better than 10...h6.} 11. Be3 {[%emt 0:05:36] [#] C78: Ruy Lopez: Archangelsk and Möller Defences.} exd4 $146 ({Don't play} 11... Nxe4 12. d5 $16) ({Predecessor:} 11... Re8 12. Nbd2 h6 13. axb5 axb5 14. Rxa8 Qxa8 15. d5 Bxe3 16. dxc6 Bxf2+ 17. Kxf2 Bxc6 18. Qe2 Qa7+ {1-0 (32) Priasmoro,N (2502)-Alibabaei,S (2039) Chess.com INT 2020}) 12. cxd4 Na5 (12... Nxe4 $2 13. d5 $18) 13. d5 {[%emt 0:00:41] The position is equal.} c5 14. Bc2 c4 (14... b4 $11) 15. Bxb6 Qxb6 16. axb5 $1 axb5 17. Qd4 Qc5 (17... Qc7 $14) 18. Qxc5 $16 dxc5 19. Nc3 b4 20. Nb5 Bc8 (20... Nd7 $16 21. Nc7 Nb3 22. Rxa8 Bxa8) 21. Ne5 $18 b3 22. Bb1 Bd7 23. Nc7 Nc6 24. Nxa8 Nxe5 25. Nb6 c3 {[%emt 0:06:50] White is clearly winning.} 26. f4 cxb2 27. Ra7 c4 28. fxe5 c3 29. Rc7 c2 30. exf6 {[%emt 0:01:12] Black did not feel at home in the position after the opening.  Weighted Error Value: White=0.02 (flawless) /Black=0.53} 1-0

[Event "15th Tashkent Open Agzamov 2022"]
[Site "Tashkent"]
[Date "2022.05.11"]
[Round "10.7"]
[White "Aditya Mittal"]
[Black "Begmuratov, Khumoyun"]
[Result "1-0"]
[ECO "E01"]
[WhiteElo "2490"]
[BlackElo "2384"]
[Annotator "TA"]
[PlyCount "123"]
[EventDate "2022.05.05"]
[EventType "swiss"]
[EventCountry "UZB"]
[SourceTitle "playchess.com"]
[Source "ChessBase"]
[SourceQuality "1"]
[TimeControl "5400+30"]

1. d4 Nf6 2. c4 e6 3. Nf3 d5 4. g3 Nc6 5. Bg2 Bd6 6. O-O O-O {[%emt 0:00:08] 6...0-0 scores better than 6...dxc4. E01: Catalan: Early deviations.} 7. Nbd2 a5 8. a3 b6 {[%emt 0:21:09] The position is equal.} 9. Qc2 {[%emt 0:00:58] [#]} Bb7 $146 ({Predecessor:} 9... h6 10. Re1 Bb7 11. b3 Rb8 12. Bb2 Re8 13. Rad1 Na7 14. Ne5 Nd7 15. f4 c5 {0-1 (67) Schwertel,J (1987)-Schmidt,W (1673) Hoeheinoed 2008}) 10. b3 Nb8 11. e4 Nxe4 12. Nxe4 dxe4 13. Ng5 Be7 {[%emt 0:03:06] [#]} 14. Nxe4 (14. Bxe4 $1 $14 Bxg5 15. Bxg5 (15. Bxb7 Ra7 $14) 15... Qxg5 16. Bxb7) 14... Nc6 15. d5 exd5 16. cxd5 Nd4 17. Qd1 $40 {[%emt 0:07:27][%mdl 128] White has some attack.} Qxd5 (17... Nf5 $11) 18. Bb2 $14 {[%emt 0:03:55] Nf6+ is the strong threat.} ({Much worse is} 18. Nf6+ Bxf6 19. Bxd5 Bxd5 $17) 18... c5 {[%emt 0:01:46] [#]} 19. Nf6+ {[%emt 0:03:13][%mdl 64] Discovered Attack} Bxf6 20. Bxd5 Bxd5 21. Bxd4 Bxd4 {[%emt 0:00:02] This bishop pair is nice.} 22. Qd3 (22. Rb1 $16) 22... Bxa1 23. Qxd5 Bd4 24. Re1 Rae8 {[%emt 0:01:35] [#]} (24... a4 $11) 25. Rxe8 $1 $16 Rxe8 {[%emt 0:00:01][%mdl 4096] Endgame KQ-KRB} 26. Qc6 Re1+ 27. Kg2 {[%emt 0:00:09] White wants to mate with Qa8+.} g6 28. Qxb6 Re2 {[%emt 0:00:15] [#]} 29. Kf3 (29. Qxa5 Rxf2+ 30. Kh3 Kg7 $14) 29... Rxf2+ 30. Ke4 Rxh2 31. Qxa5 Re2+ 32. Kd5 Re3 33. Qb6 Kg7 34. a4 {[%emt 0:01:14] aiming for a5.} Bc3 35. Kxc5 ({Resist} 35. a5 $6 Bxa5 36. Qxa5 Rxg3 $18) 35... Rxg3 (35... Be1 $142 36. Kd5 Rd3+ 37. Ke4 Rxg3) 36. Kc4 $18 Be1 37. Qd4+ Kg8 38. Qe4 Bf2 (38... Rc3+ 39. Kd4 Rc1) 39. Qf4 Rg2 40. Qf3 Rh2 41. a5 Be1 42. a6 {[%emt 0:01:14] White threatens a7 and mate.} Ra2 43. Qa8+ Kg7 44. a7 Bf2 45. Qg2 Rxa7 46. Qxf2 {[%emt 0:00:01] KQ-KR. White mates.} Rc7+ 47. Kd5 Rb7 48. Qb2+ Kh6 49. b4 f5 50. Kc6 Rf7 51. b5 f4 52. b6 f3 53. Qc1+ g5 54. b7 f2 55. Qf1 Rf8 56. Kc7 Rf7+ 57. Kb6 Rf8 58. Ka7 g4 59. b8=Q Rf7+ 60. Ka8 Kg6 61. Qd6+ Kg5 62. Qc1+ {[%emt 0:00:16] Weighted Error Value: White=0.05 (flawless) /Black=0.37} 1-0